Map: [ESL] Inside and Out

Players

TIME (Oliveira) - Winner!

  • Race: Terran Terran

DPGJieShi (Jieshi)

  • Race: Protoss Protoss

Event: DreamHack SC2 Masters 2022 Atlanta (Online)

VOD

Have the link to the VOD?

Description

Time

  • Played on: Oct. 8, 2022, 8:31 a.m.
  • Length: 14:31

All games in this series

Show
View Real Time Build Order
Export as new Build Order

TIME Terran - Winner!

Build Orders:  

Get SALT Encoding   

  12  0:00  SCV  
  13  0:12  SCV  
  14  0:17  Supply Depot  
  14  0:24  SCV  
  15  0:38  SCV  
  15  0:40  Barracks  
  16  0:44  Refinery  
  16  0:50  SCV  
  17  1:03  SCV  
  18  1:15  SCV  
  19  1:27  Orbital Command, Marine  
  20  1:42  Command Center  
  20  1:53  Factory  
  20  1:57  SCV  
  21  2:04  Barracks Reactor  
  21  2:09  SCV  
  21  2:13  Supply Depot  
  22  2:16  Bunker  
  22  2:21  SCV  
  23  2:35  SCV  
  24  2:40  Starport  
  24  2:44  Hellion x2  
  24  2:47  SCV  
  29  2:54  Orbital Command  
  29  3:00  SCV  
  30  3:08  Hellion x2  
  30  3:12  SCV  
  35  3:16  Medivac  
  37  3:20  Supply Depot  
  37  3:21  SCV  
  37  3:24  SCV  
  39  3:28  Refinery  
  39  3:36  Factory Tech Lab  
  39  3:37  Supply Depot, SCV x2  
  41  3:41  Marine x2  
  43  3:49  SCV  
  43  3:50  Barracks, SCV  
  45  3:59  Marine  
  42  4:04  Marine  
  42  4:05  Siege Tank  
  42  4:06  SCV  
  42  4:07  SCV  
  42  4:18  SCV  
  42  4:19  SCV  
  42  4:21  Command Center  
  44  4:25  Marine x2  
  46  4:31  Engineering Bay  
  46  4:32  SCV  
  46  4:33  SCV  
  46  4:38  Siege Tank  
  51  4:39  Barracks Tech Lab  
  51  4:42  Barracks  
  51  4:45  SCV x2  
  53  4:49  Refinery  
  53  4:51  Marine x2  
  55  4:57  SCV x2  
  55  4:58  Terran Infantry Weapons Level 1  
  57  5:00  Supply Depot, Marine  
  57  5:07  Stimpack  
  58  5:09  SCV x2  
  58  5:10  Marine x2  
  62  5:18  Refinery  
  62  5:21  SCV, Marine  
  62  5:22  Supply Depot, SCV  
  62  5:24  Siege Tank  
  62  5:28  Marine  
  68  5:29  Barracks Tech Lab  
  68  5:32  Barracks  
  68  5:33  SCV  
  68  5:34  SCV  
  71  5:36  Orbital Command  
  71  5:40  Barracks  
  71  5:41  Marine  
  72  5:43  Marine  
  72  5:45  Starport Reactor  
  72  5:47  SCV  
  72  5:48  SCV  
  72  5:49  Combat Shield  
  75  5:51  Marine  
  75  5:53  Marine  
  80  5:57  Siege Tank  
  80  5:59  SCV  
  80  6:00  SCV  
  80  6:01  Marine  
  83  6:05  Orbital Command  
  83  6:06  Marine  
  83  6:07  Supply Depot  
  83  6:11  Marine  
  85  6:12  SCV x2  
  87  6:22  Marine  
  87  6:23  Medivac x2  
  87  6:24  SCV x2  
  93  6:30  Barracks Reactor, Barracks Tech Lab  
  93  6:32  SCV, Marauder x2  
  95  6:36  Supply Depot, SCV  
  95  6:37  SCV  
  95  6:39  Supply Depot, Siege Tank  
  100  6:45  SCV  
  101  6:52  Concussive Shells  
  101  6:55  Supply Depot, Missile Turret  
  101  6:58  SCV x3, Marauder, Marine x2  
  101  7:00  Supply Depot  
  108  7:02  Marauder  
  108  7:04  Supply Depot  
  108  7:05  Marauder  
  108  7:08  Marine x2  
  114  7:10  SCV x3  
  114  7:12  Terran Infantry Armor Level 1  
  117  7:15  Refinery  
  117  7:17  Refinery, Siege Tank, Marine x2  
  122  7:25  Bunker  
  114  7:30  Marine x2  
  114  7:31  Marauder  
  114  7:32  Marauder x2  
  114  7:33  SCV x2  
  114  7:37  Viking x2  
  126  7:38  SCV  
  126  7:40  Marine x2  
  131  7:45  Command Center  
  131  7:52  Marauder  
  131  7:53  SCV x2, Marauder  
  131  7:55  Missile Turret, Marine x2  
  139  8:05  Engineering Bay, Armory  
  139  8:07  Supply Depot  
  139  8:08  Marauder  
  141  8:21  Supply Depot  
  141  8:28  Medivac x2  
  141  8:29  Marauder x2  
  141  8:33  Ghost Academy  
  149  8:39  Sensor Tower, Marine  
  149  8:43  SCV, Siege Tank, Marine x4  
  157  8:52  Supply Depot, Terran Infantry Weapons Level 2  
  157  8:54  Supply Depot  
  157  8:56  SCV x3  
  157  9:00  Marine  
  157  9:02  Viking x2  
  169  9:03  Enhanced Shockwaves, Marine x2  
  169  9:05  Ghost x2  
  169  9:08  Ghost  
  172  9:14  Supply Depot  
  172  9:15  Supply Depot  
  172  9:19  Missile Turret  
  172  9:21  Missile Turret  
  172  9:24  Terran Infantry Armor Level 2  
  172  9:31  SCV x2  
  172  9:34  Siege Tank  
  172  9:36  SCV  
  180  9:43  Marauder  
  180  9:44  Marauder  
  180  9:45  Marauder  
  186  9:48  Marine x3  
  189  9:53  Medivac  
  189  9:54  Medivac  
  189  9:57  SCV  
  189  9:59  Terran Ship Weapons Level 1  
  192  10:00  Planetary Fortress  
  192  10:02  Refinery  
  192  10:03  Refinery  
  192  10:06  Barracks  
  192  10:09  Barracks x2  
  190  10:19  Marine x3  
  190  10:20  Marauder  
  169  10:21  SCV  
  169  10:24  SCV  
  169  10:26  Marine  
  169  10:27  Siege Tank  
  169  10:28  SCV  
  167  10:29  Ghost x2  
  167  10:33  SCV  
  166  10:37  SCV x2, Marine x2  
  166  10:38  Marine  
  166  10:39  Liberator  
  166  10:41  Marauder  
  176  10:44  Marine  
  176  10:46  Sensor Tower  
  177  10:52  Liberator  
  180  10:57  Barracks Reactor, Barracks Tech Lab x2  
  180  10:59  Marauder  
  180  11:04  Marauder, Marine x2  
  183  11:18  Marine x2  
  170  11:19  Marauder  
  164  11:25  Marine  
  164  11:26  Marine  
  164  11:27  Siege Tank  
  164  11:29  SCV  
  164  11:32  Marine x2  
  165  11:33  SCV, Marauder  
  165  11:37  Command Center, Marine x2  
  165  11:38  Marauder  
  174  11:42  SCV  
  174  11:45  Marine x3  
  177  11:47  Bunker  
  177  11:50  Liberator x2  
  177  11:51  SCV, Marine, Ghost  
  177  11:52  Ghost  
  177  11:53  Terran Infantry Weapons Level 3  
  185  12:07  Marine x3  
  185  12:08  Marauder x2  
  167  12:09  Marine  
  167  12:12  Siege Tank  
  167  12:13  SCV x2  
  171  12:19  Marine  
  139  12:23  Marine  
  139  12:24  Marauder, Marine  
  139  12:26  Ghost  
  139  12:27  Marine x2  
  139  12:28  Ghost  
  143  12:35  Marine  
  142  12:37  Marauder  
  142  12:41  Viking x2  
  142  12:42  Marauder  
  150  12:45  Marine x3  
  150  12:46  Marine  
  150  12:47  Marauder  
  150  12:49  Widow Mine, Drilling Claws  
  150  12:50  Marine  
  159  12:55  SCV x2, Marauder  
  163  12:58  Marine  
  163  13:00  Missile Turret  
  163  13:01  Missile Turret  
  170  13:05  Marauder x2  
  170  13:06  Marauder  
  170  13:08  Missile Turret  
  170  13:09  Missile Turret, Marauder  
  170  13:11  Marine x2  
  153  13:20  Marine x2  
  153  13:21  Marauder, Marine x2  
  153  13:26  Marine x3  
  145  13:29  Marine  
  145  13:33  Ghost  
  145  13:34  Marine  
  136  13:38  Marine x2  
  136  13:40  Widow Mine  
  141  13:41  Medivac  
  141  13:42  Medivac  
  141  13:47  Ghost  
  147  13:50  Ghost  
  147  13:52  Marine  
  147  13:54  Marine  
  151  13:59  Marine  
  151  14:00  Marine x2  
  154  14:03  Marine  
  155  14:12  Marine  
Show
View Real Time Build Order
Export as new Build Order

DPGJieShi Protoss 

Build Orders: 1 Gate Expand, Zealot Archon, Colossus Rush 

Get SALT Encoding   

  12  0:00  Probe  
  13  0:12  Probe  
  14  0:17  Pylon  
  14  0:24  Probe (Chrono Boost)  
  16  0:36  Gateway  
  16  0:37  Probe (Chrono Boost)  
  16  0:43  Probe (Chrono Boost)  
  16  0:47  Assimilator  
  17  0:52  Probe  
  18  1:05  Probe  
  19  1:17  Probe  
  20  1:24  Cybernetics Core  
  20  1:30  Nexus  
  20  1:37  Pylon  
  20  1:39  Probe  
  21  1:45  Assimilator  
  21  1:52  Probe  
  22  1:58  Stalker (Chrono Boost)  
  22  2:00  Warp Gate  
  24  2:04  Probe  
  25  2:16  Probe  
  25  2:20  Stalker  
  28  2:28  Probe  
  29  2:30  Robotics Facility  
  29  2:42  Probe (Chrono Boost)  
  29  2:43  Gateway  
  31  2:45  Probe (Chrono Boost)  
  32  2:51  Probe (Chrono Boost)  
  32  2:54  Probe (Chrono Boost)  
  32  2:55  Stalker  
  32  2:56  Probe (Chrono Boost)  
  35  3:04  Probe  
  37  3:08  Probe  
  38  3:16  Probe  
  38  3:17  Observer (Chrono Boost)  
  40  3:20  Probe  
  40  3:26  Nexus  
  41  3:30  Pylon  
  41  3:33  Probe  
  43  3:34  Observer (Chrono Boost), Probe  
  44  3:48  Stalker  
  44  3:51  Stalker  
  44  3:52  Probe x2  
  47  4:06  Probe  
  47  4:07  Probe  
  47  4:09  Assimilator  
  48  4:11  Assimilator  
  47  4:19  Robotics Bay, Probe x2 (Chrono Boost)  
  49  4:27  Pylon  
  49  4:29  Observer  
  52  4:31  Probe x2 (Chrono Boost)  
  52  4:35  Pylon  
  52  4:40  Probe (Chrono Boost)  
  52  4:43  Observer  
  52  4:44  Probe (Chrono Boost)  
  52  4:45  Probe (Chrono Boost)  
  55  4:46  Twilight Council  
  55  4:49  Forge, Probe (Chrono Boost)  
  58  4:52  Probe (Chrono Boost)  
  58  4:53  Probe (Chrono Boost)  
  58  4:54  Probe (Chrono Boost)  
  59  5:02  Colossus (Chrono Boost)  
  59  5:03  Probe x2  
  59  5:04  Observer  
  67  5:08  Extended Thermal Lance  
  67  5:10  Probe  
  68  5:15  Protoss Ground Weapons Level 1 (Chrono Boost)  
  68  5:16  Probe, Pylon  
  68  5:17  Probe  
  70  5:23  Observer, Probe  
  70  5:24  Charge  
  71  5:32  Gateway  
  71  5:33  Gateway  
  71  5:35  Probe x2  
  73  5:36  Probe  
  74  5:43  Colossus (Chrono Boost)  
  74  5:49  Probe  
  82  5:50  Probe x2  
  82  5:52  Pylon  
  83  5:57  Gateway  
  83  5:59  Gateway  
  83  6:07  Gateway  
  83  6:11  Gateway  
  83  6:14  Probe x3  
  83  6:16  Pylon  
  83  6:18  Templar Archives  
  86  6:32  Warp Prism (Chrono Boost)  
  78  6:33  Zealot  
  78  6:34  Zealot x3  
  78  6:35  Pylon  
  78  6:37  Probe  
  89  6:43  Observer  
  89  6:50  Pylon  
  89  6:52  Probe  
  89  6:53  Nexus, Probe x2  
  92  6:57  High Templar  
  92  6:58  Zealot, High Templar x3  
  92  6:59  Zealot  
  104  7:02  Zealot  
  104  7:03  Archon  
  104  7:04  Archon  
  106  7:10  Protoss Ground Armor Level 1 (Chrono Boost)  
  106  7:15  Zealot  
  108  7:16  Blink (Chrono Boost)  
  108  7:27  Zealot x3  
  108  7:28  Warp Prism (Chrono Boost)  
  106  7:32  Zealot x3  
  106  7:33  Zealot x4  
  106  7:35  Observer, Probe  
  106  7:36  Probe x2  
  125  7:39  Observer, Assimilator  
  125  7:43  Assimilator  
  125  7:45  Pylon  
  125  7:46  Pylon  
  125  7:48  Pylon  
  125  7:52  Pylon  
  125  7:58  Colossus  
  125  8:03  Probe x2  
  125  8:04  Pylon  
  133  8:06  Zealot, High Templar x2  
  133  8:07  Zealot x3  
  133  8:08  Zealot  
  133  8:11  Zealot  
  133  8:12  Archon, Probe  
  150  8:14  Probe  
  150  8:15  Probe x2  
  153  8:24  Probe  
  153  8:30  High Templar x2  
  153  8:31  Zealot x4  
  163  8:35  Archon  
  159  8:44  Photon Cannon  
  159  8:45  Shield Battery, Probe  
  159  8:46  Colossus  
  166  8:55  Stalker  
  166  8:56  Zealot x2, Stalker x3  
  166  8:57  Probe, Protoss Ground Weapons Level 2 (Chrono Boost)  
  179  9:14  Pylon  
  179  9:15  Pylon  
  179  9:19  Gateway  
  179  9:20  Gateway  
  179  9:29  Robotics Facility  
  179  9:31  Robotics Facility  
  179  9:34  Photon Cannon  
  179  9:36  Shield Battery  
  179  9:38  Zealot, High Templar x2  
  180  9:39  Zealot x5, Assimilator  
  180  9:43  Archon  
  180  9:44  Assimilator  
  194  10:12  Disruptor (Chrono Boost)  
  194  10:14  Zealot x5  
  186  10:15  Zealot x3  
  143  10:26  Stalker x2  
  127  10:30  Disruptor (Chrono Boost)  
  123  10:36  Probe  
  123  10:37  Disruptor (Chrono Boost)  
  123  10:39  Photon Cannon  
  123  10:41  Shield Battery, Zealot x4  
  123  10:42  Zealot x4  
  140  10:48  Probe  
  140  10:49  Disruptor (Chrono Boost)  
  144  10:50  Zealot x2  
  148  10:57  Disruptor (Chrono Boost)  
  148  11:01  Stalker x3  
  148  11:02  Stalker x5  
  163  11:06  Disruptor  
  164  11:19  Zealot, Immortal (Chrono Boost)  
  164  11:20  Zealot  
  164  11:25  Stalker x2  
  162  11:26  Zealot x2  
  162  11:27  Zealot x2  
  162  11:30  Zealot x2  
  154  11:34  Observer (Chrono Boost)  
  154  11:38  Disruptor (Chrono Boost)  
  155  11:42  Zealot  
  155  11:43  Zealot  
  160  11:47  Zealot  
  160  11:48  Zealot x5  
  160  11:51  Stalker x2  
  127  12:09  Stalker x2  
  127  12:10  Zealot x4, Stalker  
  127  12:11  Disruptor  
  127  12:12  Observer  
  127  12:13  Stalker  
  127  12:14  Stalker x2  
  126  12:24  Observer  
  126  12:26  Forge  
  126  12:30  High Templar  
  126  12:31  High Templar x3  
  126  12:32  Immortal  
  126  12:36  Archon  
  134  12:37  Archon  
  134  12:39  Observer, High Templar x2  
  134  12:40  Zealot x4  
  146  12:44  Archon  
  146  13:03  Stalker x4  
  146  13:04  Zealot x4  
  162  13:18  Zealot x2  
  127  13:29  Zealot x2  
  127  13:30  Zealot x4  
  127  13:33  Colossus (Chrono Boost)  
  127  13:44  High Templar  
  127  13:45  High Templar  
  127  13:46  High Templar x2  
  123  13:49  Archon  
  123  13:50  Nexus  
  123  13:52  Zealot x4, Archon  
  123  13:53  Pylon  
  123  13:55  High Templar x2  
  135  13:57  Observer (Chrono Boost)  
  135  13:59  Archon  
  132  14:13  Zealot x3  
  110  14:17  Zealot x2  
  110  14:18  Zealot x2  
  110  14:19  Zealot  
Tags
 
Add a new tag
Caveats
  • Supply blocks, unpowered buildings, or Contaminate may cause inaccurate times.
  • Supply counts are checked every 10 seconds.